 Dungeon Crawl Stone Soup version 0.16.1-28-gcc2312f (webtiles) character file.

672 tyrion the Cudgeler (level 7, -2/70 HPs)
             Began as an Ogre Arcane Marksman on June 2, 2015.
             Was an Initiate of Trog (penitent).
             Slain by a polar bear (21 damage)
             ... created by the rage of Trog
             ... on level 4 of the Dungeon.
             The game lasted 00:16:17 (6136 turns).

tyrion the Cudgeler (Ogre Arcane Marksman)          Turns: 6136, Time: 00:16:18

Health: -2/70      AC:  4    Str: 19    XL:     7   Next: 59%
Magic:  9/9        EV: 10    Int: 12    God:    Trog [*]
Gold:   183        SH:  0    Dex:  9    Spells: 2 memorised, 5 levels left

rFire  . . .     SeeInvis .     F - +0 mace
rCold  . . .     Clarity  .     B - +1 animal skin
rNeg   . . .     SustAb   .     (shield restricted)
rPois  .         Gourm    .     (helmet restricted)
rElec  .         Spirit   .     (no cloak)
rCorr  .         Warding  .     (gloves unavailable)
rMut   .         Stasis   .     (boots unavailable)
MR     .....                    (no amulet)
Stlth  +.........               (no ring)
                                (no ring)

@: not resistant to hostile enchantments, very unstealthy
A: unfitting armour, tough skin 1
a: Burn Spellbooks, Renounce Religion


You were on level 4 of the Dungeon.
You worshipped Trog.
Trog was demanding penance.
You were not hungry.

You visited 2 branches of the dungeon, and saw 5 of its levels.

You collected 183 gold pieces.

Inventory:

Hand weapons
 x - a +0 blowgun
 F - a +0 mace (weapon)
Missiles
 c - 4 large rocks (quivered)
 y - 6 poisoned needles
Armour
 B - a +1 animal skin (worn)
Magical devices
 b - a wand of slowing (0)
 A - a wand of frost (22)
Scrolls
 e - a scroll of noise {unknown}
 g - 9 scrolls of teleportation {unknown}
 i - a scroll of fog {unknown}
 j - 2 scrolls of identify {unknown}
 l - 3 scrolls of magic mapping {unknown}
 m - 2 scrolls of recharging {unknown}
 o - 3 scrolls of fear {unknown}
 r - a scroll of immolation {unknown}
 u - 2 scrolls of enchant weapon {unknown}
 E - 2 scrolls of remove curse {unknown}
Potions
 a - 2 potions of poison {unknown}
 h - a potion of heal wounds
 k - a potion of beneficial mutation {unknown}
 n - 2 potions of curing {unknown}
 p - a potion of cancellation {unknown}
 q - 2 potions of restore abilities {unknown}
 s - 3 potions of haste {unknown}
 t - a potion of might {unknown}
 z - a potion of berserk rage {unknown}
 C - a potion of flight {unknown}
 D - a potion of magic {unknown}
Books
 d - a book of Debilitation

   Spells                             Type                      Level
   a - Corona                         Hexes                        1
   b - Slow                           Hexes                        2
   c - Inner Flame                    Hexes/Fire                   3
   d - Enslavement                    Hexes                        4
   e - Cause Fear                     Hexes                        4
   f - Leda's Liquefaction            Hexes/Earth                  4
   Trog disapproves of the use of such an item.
Comestibles
 f - 5 meat rations
 v - 3 bread rations
 w - 2 beef jerkies


   Skills:
 + Level 4.0 Fighting
 * Level 5.8 Maces & Flails
 * Level 5.5 Throwing
 - Level 3.0 Dodging
 - Level 1.5 Stealth
 - Level 1.2 Spellcasting
 - Level 2.1 Hexes


You had 5 spell levels left.
You knew the following spells:

 Your Spells              Type           Power        Failure   Level  Hunger
a - Corona                Hex            #......      14%         1    ##.....
b - Slow                  Hex            #.......     21%         2    ###....


Dungeon Overview and Level Annotations

Branches:
Dungeon (4/15)             Temple (1/1) D:4

Altars:
Ashenzari
Dithmenos
Elyvilon
Makhleb
Nemelex Xobeh
Okawaru
Qazlal
Ru
Trog
Vehumet
Xom
Yredelemnul
The Shining One


Innate Abilities, Weirdness & Mutations

You are too large for most types of armour.
You have tough skin (AC +1).


Message History

Unknown command.
Okay, then.
Unknown command.
The polar bear barely misses you. The polar bear closely misses you.
The polar bear claws you but does no damage.
The polar bear bites you! The polar bear claws you! The polar bear claws you.
The black bear bites you. The black bear claws you.
The black bear claws you but does no damage.
The polar bear bites you! The polar bear barely misses you.
The polar bear claws you but does no damage.
The polar bear bites you. The polar bear claws you.
The polar bear claws you but does no damage.
The polar bear rages.
The polar bear bites you. The polar bear claws you.
* * * LOW HITPOINT WARNING * * *
The polar bear claws you but does no damage.
The polar bear barely misses you.
The polar bear claws you but does no damage.
The polar bear barely misses you. The polar bear bites you!!
You die...

#.[.......#......# #......#.#.
#.........######## #..........
#.........##########..........
#.........#........#..........
#.........#........#..........
###.........#...................
#...........#...................
#...#########(..h...............
#...# #......@hh..............
#...# #.......h........######.
#...# #.............##.# #.
#...# #.....####.##.##.# #.
#...# #.....# #.##.##.# #. #...#
#.....# #.##.##.# #. #...#
#.....# #>##.##.# #. #####
####### #.##.##.# ## #######
#.##.##.#


You could see 3 polar bears and a black bear (berserk).

Vanquished Creatures
  Prince Ribbit (D:4)
  A sky beast (D:2)
  A scorpion (D:4)
  An orc wizard (D:4)
  Natasha (thrice) (D:3)
  An iguana (D:4)
  A worker ant (D:4)
  Ijyb (D:3)
  Terence (D:3)
  Robin (D:3)
  5 adders
  A gnoll (D:1)
  7 worms
  3 giant geckos
  2 oozes (D:3)
  An orc (D:4)
  A ball python (D:3)
  5 bats
  3 giant cockroaches
  24 goblins
  11 hobgoblins
  8 jackals
  10 kobolds
  2 quokkas
  7 giant newts
  15 rats
117 creatures vanquished.

Notes
Turn   | Place    | Note
--------------------------------------------------------------
     0 | D:1      | tyrion, the Ogre Arcane Marksman, began the quest for the Orb.
     0 | D:1      | Reached XP level 1. HP: 19/19 MP: 2/2
   600 | D:1      | Reached XP level 2. HP: 7/27 MP: 3/3
   815 | D:1      | Reached skill level 1 in Stealth
  1574 | D:1      | Reached XP level 3. HP: 33/33 MP: 4/4
  2598 | D:2      | Reached skill level 3 in Dodging
  2683 | D:2      | Learned a level 2 spell: Slow
  2720 | D:2      | Reached XP level 4. HP: 19/42 MP: 4/6
  2745 | D:2      | Reached skill level 1 in Maces & Flails
  3476 | D:3      | Noticed a sky beast
  3485 | D:2      | Killed a sky beast
  3485 | D:2      | Reached XP level 5. HP: 36/50 MP: 5/7
  3796 | D:3      | Noticed Robin
  3855 | D:3      | Killed Robin
  3855 | D:3      | Reached skill level 4 in Throwing
  3855 | D:3      | Reached XP level 6. HP: 12/59 MP: 6/8
  4203 | D:3      | Noticed Ijyb
  4265 | D:3      | Killed Ijyb
  4771 | D:3      | Noticed Terence
  4794 | D:3      | Killed Terence
  4960 | D:3      | Noticed Natasha
  4969 | D:3      | Killed Natasha
  5082 | D:3      | Noticed Natasha
  5084 | D:3      | Killed Natasha
  5112 | D:3      | Noticed Natasha
  5120 | D:3      | Killed Natasha
  5327 | D:4      | Found a staircase to the Ecumenical Temple.
  5348 | Temple   | Entered the Ecumenical Temple
  5426 | Temple   | Became a worshipper of Trog the Wrathful
  5450 | D:4      | Noticed Prince Ribbit
  5498 | D:4      | Was placed under penance by Trog
  5503 | D:4      | Killed Prince Ribbit
  5503 | D:4      | Reached skill level 5 in Maces & Flails
  5503 | D:4      | Reached skill level 5 in Throwing
  5503 | D:4      | Reached XP level 7. HP: 58/67 MP: 7/9
  5896 | D:4      | Found a shadowy altar of Dithmenos.
  6132 | D:4      | Noticed a polar bear
  6132 | D:4      | Noticed a polar bear
  6132 | D:4      | Noticed a polar bear
  6136 | D:4      | Slain by a polar bear

Action                   |  1- 3 |  4- 6 |  7- 9 || total
-------------------------+-------+-------+-------++-------
Melee: Unarmed           |   108 |       |       ||   108
       Club              |    70 |   228 |       ||   298
       Mace              |       |    32 |    55 ||    87
Throw: Large rock        |    17 |    36 |     1 ||    54
       Throwing net      |     2 |     3 |       ||     5
 Cast: Corona            |    10 |    23 |       ||    33
       Slow              |       |     2 |       ||     2
  Use: Potion            |       |     1 |       ||     1
 Stab: Sleeping          |       |     2 |       ||     2
       Held in net/web   |       |     1 |       ||     1
  Eat: Chunk             |     5 |    10 |       ||    15
       Meat ration       |       |     1 |       ||     1
